 Dungeon Crawl Stone Soup version 0.17-a0-1056-g838d5c0 (webtiles) character file.

17 Hanyuu the Insei (level 2, 0/18 HPs)
             Began as an Octopode Transmuter on May 16, 2015.
             Slain by a jackal (3 damage)
             ... on level 1 of the Dungeon.
             The game lasted 00:01:14 (324 turns).

Hanyuu the Insei (Octopode Transmuter)               Turns: 324, Time: 00:01:14

Health: 0/18       AC:  1    Str:  9    XL:     2   Next: 62%
Magic:  3/5        EV: 12    Int: 15    God:
Gold:   22         SH:  0    Dex: 12    Spells: 1 memorised, 4 levels left

rFire  . . .     SeeInvis .       - Unarmed
rCold  . . .     Clarity  .     (no shield)
rNeg   . . .     SustAb   .     (helmet restricted)
rPois  .         Gourm    .     (no amulet)
rElec  .         Spirit   .     (no ring)
rCorr  .         Warding  .     (no ring)
rMut   .         Stasis   .     (no ring)
MR     .....                    (no ring)
Stlth  ++........               (no ring)
                                (no ring)
                                (no ring)
                                (no ring)

@: appendage, very slightly contaminated, not resistant to hostile enchantments,
unstealthy
A: almost no armour, amphibious, 8 rings, constrict 8, tentacle spike 3,
camouflage 1, gelatinous body 1
a: End Transformation


You were on level 1 of the Dungeon.
You were not hungry.
One of your tentacles had a temporary spike.
You visited 1 branch of the dungeon, and saw 1 of its levels.

You collected 22 gold pieces.

Inventory:

Missiles
 a - 12 arrows
 e - 19 poisoned needles
Jewellery
 i - an uncursed amulet of warding {unknown}
Scrolls
 h - a scroll of recharging {unknown}
Potions
 d - a potion of lignification {unknown}
 f - 2 potions of might {unknown}
 g - a potion of cancellation {unknown}
Books
 b - a book of Changes

   Spells                             Type                      Level
   a - Beastly Appendage              Transmutation                1
   b - Sticks to Snakes               Transmutation                2
   c - Spider Form                    Transmutation/Poison         3
   d - Ice Form                       Ice/Transmutation            4
   e - Blade Hands                    Transmutation                5
Comestibles
 c - a bread ration


   Skills:
 - Level 1.0 Fighting
 - Level 2.0 Dodging
 + Level 3.9 Unarmed Combat
 - Level 2.0 Spellcasting
 - Level 2.0 Transmutations


You had 4 spell levels left.
You knew the following spells:

 Your Spells              Type           Power        Failure   Level  Hunger
a - Beastly Appendage     Trmt           #.....       12%         1    #......


Dungeon Overview and Level Annotations

Branches:
Dungeon (1/15)

Altars:


Innate Abilities, Weirdness & Mutations

You cannot wear most types of armour.
You are amphibious.
You can wear up to eight rings at the same time.
You can use your tentacles to constrict eight enemies at once.
Your skin changes colour to match your surroundings (Stealth).
Your rubbery body absorbs attacks (AC +1).
One of your tentacles bears a large vicious spike.


Message History

You kill the jackal!
The jackal bites you.
* * * LOW HITPOINT WARNING * * *
A jackal comes into view.
You closely miss the jackal.
The jackal barks!
Your grab misses the jackal. The jackal misses you.
You tentacle-slap the jackal but do no damage.
Your grab misses the jackal. You tentacle-slap the jackal.
The jackal is moderately wounded.
The jackal bites you but does no damage.
The jackal misses you.
You closely miss the jackal. You grab the jackal. You squeeze the jackal.
You kill the jackal!
Casting: Beastly Appendage
Confirm with . or Enter, or press ? or * to list all spells.
One of your tentacles grows a vicious spike.
You closely miss the jackal. You grab the jackal. You constrict the jackal.
The jackal bites you.
You die...

#.# ...# .# #..# .
#..# ###.
#.#######..# #...
......†....# #..#
......h@...#
#..#######
#.######..##
#.........
##.%#####..#######
##..........#
#.......###.#
...?........#.#
###.......#.#.#
#.$.....#.#.#
#.......#.#)#


You could see a jackal.

Vanquished Creatures
  A worm (D:1)
  A giant gecko (D:1)
  A giant cockroach (D:1)
  3 jackals (D:1)
  A bat (D:1)
  A goblin (D:1)
  4 kobolds (D:1)
  A rat (D:1)
13 creatures vanquished.

Notes
Turn   | Place    | Note
--------------------------------------------------------------
     0 | D:1      | Hanyuu the Octopode Transmuter began the quest for the Orb.
     0 | D:1      | Reached XP level 1. HP: 13/13 MP: 3/3
   253 | D:1      | Reached XP level 2. HP: 12/18 MP: 3/5
   324 | D:1      | Slain by a jackal

Vault maps used:
D:1:      eino_arrival_cavern_d

Action                   || total
-------------------------++-------
Melee: Unarmed           ||    34
 Cast: Beastly Appendage ||     3
 Stab: Sleeping          ||     2
